 Dungeon Crawl Stone Soup version 0.13-a0-2174-g3a0f4b0 (webtiles) character file.

3961 JacquesDerrida the Markscentaur (level 9, -17/67 HPs)
             Began as a Centaur Hunter on July 1, 2013.
             Was a Priest of Okawaru.
             Demolished by a hill giant
             ... wielding a +0,+0 giant club
              (33 damage)
             ... on Level 10 of the Dungeon.
             The game lasted 00:31:31 (7859 turns).

JacquesDerrida the Markscentaur (Centaur Hunter)    Turns: 7859, Time: 00:31:32

HP -17/67        AC  7     Str 15      XL: 9   Next: 83%
MP   6/6         EV  9     Int 13      God: Okawaru [***...]
Gold 412         SH  0     Dex 10      Spells:  0 memorised,  8 levels left

Res.Fire  : . . .   See Invis. : +   H - +0 blowgun
Res.Cold  : . . .   Warding    : .   d - +0 leather armour
Life Prot.: . . .   Conserve   : .   (no shield)
Res.Poison: .       Res.Corr.  : .   M - +0 spiked helmet
Res.Elec. : .       Clarity    : .   G - +0 cloak
Sust.Abil.: . .     Spirit.Shd : .   p - +0 pair of gauntlets (curse)
Res.Mut.  : +       Stasis     : .   (no barding)
Res.Rott. : .       Flight     : .   N - amulet of resist mutation
Saprovore : . . .                    A - ring of flight
                                     j - ring of see invisible

@: short of breath, mildly poisoned, slowed, slightly resistant to hostile
enchantments, extremely unstealthy
A: hooves 3, deformed body, herbivore 1, speed 2, fast metabolism 1, tough skin
3
a: Heroism, Renounce Religion, Evoke Flight


You were on level 10 of the Dungeon.
You worshipped Okawaru.
Okawaru was greatly pleased with you.
You were not hungry.

You visited 2 branches of the dungeon, and saw 11 of its levels.
You also visited: Sewer.

You collected 392 gold pieces.

Inventory:

Hand weapons
 a - the +8,+10 quarterstaff of the Present {crush, +Fly rC+ MR+ Dex+4}
   (You found it on level 8 of the Dungeon)

   It inflicts extra damage upon your enemies.
   It affects your dexterity (+4).
   It protects you from cold.
   It affects your resistance to hostile enchantments.
   It lets you fly.
 b - a +2,+1 bow
 o - a +0,+0 short sword
 y - a +3,+2 dwarven dagger
 F - a +1,+1 whip of electrocution
 H - a +0 blowgun (weapon)
 Q - a +2,+0 spear of dragon slaying
Missiles
 c - 107 arrows
 k - 16 arrows of frost
 q - a curare-tipped needle (quivered)
 Z - 17 poisoned arrows
Armour
 d - a +0 leather armour (worn)
 p - a cursed +0 pair of gauntlets (worn)
 G - a +0 cloak (worn)
 M - a +0 spiked helmet (worn)
Magical devices
 r - a wand of frost (0)
 B - a wand of lightning (1)
 C - a wand of confusion (9)
 J - a wand of frost (1)
 Y - a wand of digging (7)
Comestibles
 f - 8 bread rations
 W - 2 rotting chunks of jackal flesh
Scrolls
 e - 2 scrolls of curse weapon
 g - 3 scrolls of teleportation
 l - 4 scrolls of remove curse
 m - 6 scrolls of identify
 n - 4 scrolls of curse armour
 t - a scroll of enchant weapon I
 v - 2 scrolls of recharging {unknown}
 D - 3 scrolls of blinking
 K - 2 scrolls of noise
 U - a scroll of curse jewellery {unknown}
Jewellery
 j - a ring of see invisible (left hand)
 A - a ring of flight (right hand)
 I - a cursed ring of fire
 N - an amulet of resist mutation (around neck)
Potions
 h - 2 potions of restore abilities {unknown}
 s - a potion of magic {unknown}
 u - a potion of berserk rage {unknown}
 x - a potion of confusion
 z - a potion of speed
 E - a potion of mutation {unknown}
 L - 3 potions of heal wounds
 R - a potion of degeneration {unknown}
 S - a potion of might {unknown}
Books
 O - a book of Unlife

   Spells                             Type                      Level
   Recall                             Summoning/Translocation      3
   Animate Dead                       Necromancy                   4
   Control Undead                     Necromancy                   4
   Twisted Resurrection               Necromancy                   5
   Death Channel                      Necromancy                   6
   Simulacrum                         Ice/Necromancy               6
 P - a book of Alchemy

   Spells                             Type                      Level
   Lethal Infusion                    Charms/Necromancy            2
   Sublimation of Blood               Necromancy                   2
   Condensation Shield                Ice                          4
   Alistair's Intoxication            Transmutation/Poison         4
   Petrify                            Transmutation/Earth          4
   Ignite Poison                      Fire/Transmutation           5
Miscellaneous
 X - a bottled efreet


   Skills:
 - Level 1.0 Fighting
 + Level 16.6 Bows
 - Level 1.3 Dodging
 - Level 0.5 Stealth


You had 8 spell levels left.
You didn't know any spells.

Dungeon Overview and Level Annotations

Branches:
Dungeon (10/27)            Temple (1/1) D:5             Orc (0/4) D:8
   Lair: D:8-13

Altars:
Ashenzari
Cheibriados
Elyvilon
Fedhas
Kikubaaqudgha
Nemelex Xobeh
Okawaru
Trog
Vehumet
Yredelemnul
the Shining One

Shops:
D:6: }

Annotations
D:10 Sonja


Innate Abilities, Weirdness & Mutations

You have hooves in place of feet.
Armour fits poorly on your strangely shaped body.
You digest meat inefficiently.
You cover ground very quickly.
You have a fast metabolism.
You have extremely tough skin (AC +3).


Message History

Sonja is poisoned.
Sonja convulses.
Sonja seems to slow down.
You feel sick.
Sonja casts a spell.
Sonja blinks!
Firing (i - inventory. (,) - cycle):
q - 2 curare-tipped needles (quivered)
Press: ? - help, Shift-Dir - straight line, f - hill giant
Aim: a hill giant, wielding a giant club (blue smoke, retreating)
You shoot a curare-tipped needle.
The curare-tipped needle hits the hill giant.
The hill giant is poisoned.
The hill giant convulses.
The hill giant seems to slow down.
You feel sick.
The centaur shoots an arrow of dispersal.
The arrow of dispersal hits you!
You blink.
You feel sick.
The centaur shoots an arrow of dispersal.
The arrow of dispersal hits you!
You blink.
* * * LOW HITPOINT WARNING * * *
Sonja casts a spell.
Sonja blinks!
The hill giant hits you with a giant club!
You die...

#.#....#
......(.
#.#c...#
#.#....#
#.#....#
########§#....#
........(....§#
.#####.§§§....#
#.§@§§...#
#(C§§....#
#(.......#
#?.....K.#
#.§........
#........##
..........
##........#
#........


You could see a hill giant and Sonja.

Vanquished Creatures
  3 hungry ghosts (D:8)
  A hippogriff (D:7)
  3 troll zombies (D:8)
  3 ice beasts
  A sky beast (D:7)
  3 ogres
  4 centaurs
  6 giant frogs
  A centaur zombie (D:7)
  A yellow wasp zombie (D:9)
  An eye of draining (D:4)
  The ghost of Pascal76 the Ducker, a weakling HEGl (D:3)
  5 ogre zombies (D:8)
  2 crimson imps
  A big fish (D:6)
  3 scorpions
  A hound (D:5)
  3 worker ants
  A hound skeleton (D:7)
  3 iguanas
  5 jellies
  A mummy (D:7)
  14 adders
  An adder zombie (D:6)
  11 giant mites
  An inept item mimic (D:5)
  2 worms
  2 giant eyeballs
  14 giant geckos
  2 oozes (D:3)
  4 orcs
  10 hobgoblins
  13 jackals
  15 kobolds
  12 ball pythons
  10 bats
  23 giant cockroaches
  14 giant newts
  A giant newt skeleton (D:4)
  11 goblins
  2 goblin skeletons (D:8)
  4 goblin zombies
  A hobgoblin skeleton (D:8)
  2 hobgoblin zombies (D:8)
  4 orc skeletons
  15 orc zombies (D:8)
  2 quokkas
  14 rats
  7 ballistomycetes (D:7)
264 creatures vanquished.

Vanquished Creatures (others)
  An orc (D:6)
  A giant spore (D:7)
2 creatures vanquished.

Grand Total: 266 creatures vanquished

Notes
Turn   | Place    | Note
--------------------------------------------------------------
     0 | D:1      | JacquesDerrida, the Centaur Hunter, began the quest for the Orb.
     0 | D:1      | Reached XP level 1. HP: 17/17 MP: 0/0
   487 | D:1      | Reached XP level 2. HP: 16/24 MP: 1/1
   794 | D:2      | Found a radiant altar of Vehumet.
   800 | D:2      | Reached skill level 6 in Bows
   873 | D:2      | Reached XP level 3. HP: 27/29 MP: 2/2
   934 | D:2      | Reached skill level 7 in Bows
  1461 | D:2      | Reached XP level 4. HP: 33/36 MP: 2/2
  1654 | D:3      | Noticed a centaur
  1668 | D:3      | Killed a centaur
  1668 | D:3      | Reached skill level 8 in Bows
  1668 | D:3      | Reached XP level 5. HP: 4/41 MP: 3/3
  1904 | D:3      | Found a bloodstained altar of Trog.
  1904 | D:3      | Found a blossoming altar of Fedhas.
  1916 | D:3      | Found a radiant altar of Vehumet.
  2086 | D:3      | Noticed Pascal76's ghost (weakling HEGl)
  2092 | D:3      | Killed Pascal76's ghost
  2092 | D:3      | Reached skill level 9 in Bows
  2195 | D:3      | Found a sparkling altar of Nemelex Xobeh.
  2583 | D:4      | Found a bloodstained altar of Trog.
  2589 | D:4      | Reached XP level 6. HP: 44/48 MP: 0/4
  2771 | D:4      | Reached skill level 10 in Bows
  2842 | D:4      | stonewall: Добрый день
  2844 | D:4      | JacquesDerrida: Ола!
  2844 | D:4      | JacquesDerrida: Хе-хе
  2844 | D:4      | stonewall: Мумия сдохла:(
  2844 | D:4      | JacquesDerrida: От чего
  2844 | D:4      | stonewall: От отсутствия страха
  2844 | D:4      | JacquesDerrida: Это часто бывает с мумиями
  2844 | D:4      | stonewall: Вообще полез табать V:5
  2844 | D:4      | stonewall: Зафейлил телерулетку и вышел с 1 хп
  2844 | D:4      | JacquesDerrida: Это святое дело, даже смерть не должна быть ему препятствием
  2844 | D:4      | JacquesDerrida: Главное сразу с лестницы так делать
  2844 | D:4      | stonewall: Лестницу-то расчистил
  2844 | D:4      | JacquesDerrida: Под берсерком
  2844 | D:4      | JacquesDerrida: И под чеи одновременно
  2913 | D:4      | stonewall: Сейчас плюнул на изыски и решил сделать дженерик-плевалку Трога
  2931 | D:4      | JacquesDerrida: Но мумию
  2932 | D:4      | stonewall: Будет 20 ловкости в конце, может даже фиенда смогу стабнут
  2942 | D:4      | stonewall: ь
  3111 | D:5      | Entered Level 5 of the Dungeon
  3180 | D:5      | stonewall: h - the cursed -5 pair of boots "Wuw Gimp" {rF++ Dam+5} 273 gold
  3180 | D:5      | JacquesDerrida: Эльфы с каких-то пор стали сильными
  3180 | D:5      | JacquesDerrida: Офигенные
  3180 | D:5      | JacquesDerrida: Повезло
  3180 | D:5      | stonewall: АС смущает
  3180 | D:5      | JacquesDerrida: АС для трусишек
  3180 | D:5      | JacquesDerrida: Настоящему берсерку даже отрицательное АС не помеха
  3180 | D:5      | stonewall: -1
  3233 | D:5      | Found a staircase to the Ecumenical Temple.
  3250 | Temple   | Entered the Ecumenical Temple
  3267 | Temple   | Became a worshipper of Warmaster Okawaru
  3377 | D:5      | stonewall: Но я-то не берсерк
  3377 | D:5      | JacquesDerrida: Это мелочи
  3377 | D:5      | stonewall: Я даже не умею зеркать
  3391 | D:5      | Reached skill level 11 in Bows
  3391 | D:5      | Reached XP level 7. HP: 53/53 MP: 4/4
  3486 | D:5      | JacquesDerrida: Ну не всем же дано
  3486 | D:5      | JacquesDerrida: Главное это дух
  3931 | D:6      | Acquired Okawaru's first power
  3931 | D:6      | Reached skill level 12 in Bows
  3997 | D:6      | Paralysed by a giant eyeball for 3 turns
  4043 | D:6      | Reached XP level 8. HP: 54/61 MP: 5/5
  4075 | D:6      | Found Ileywe's Gadget Boutique.
  4362 | D:6      | Found a glowing drain.
  4381 | Sewer    | Entered a sewer
  4547 | Sewer    | Reached skill level 13 in Bows
  5547 | D:7      | Reached skill level 14 in Bows
  5680 | D:7      | Reached XP level 9. HP: 57/67 MP: 6/6
  6142 | D:7      | Reached skill level 15 in Bows
  6307 | D:8      | Got a warped quarterstaff
  6312 | D:8      | Identified the +8,+10 quarterstaff of the Present {crush, +Fly rC+ MR+ Dex+4} (You found it on level 8 of the Dungeon)
  6391 | D:8      | Paralysed by a giant eyeball for 3 turns
  6457 | D:8      | Paralysed by a giant eyeball for 2 turns
  6586 | D:8      | Found a staircase to the Orcish Mines.
  6630 | D:8      | Reached skill level 16 in Bows
  7842 | D:10     | Entered Level 10 of the Dungeon
  7846 | D:10     | Noticed Sonja
  7846 | D:10     | Noticed a hill giant
  7859 | D:10     | Demolished by a hill giant

Action                   |  1- 3 |  4- 6 |  7- 9 || total
-------------------------+-------+-------+-------++-------
Melee: Short sword       |    15 |       |       ||    15
       Whip              |    61 |   109 |   250 ||   420
       Quarterstaff      |       |       |   100 ||   100
 Fire: Bow               |     5 |    41 |   164 ||   210
       Blowgun           |       |       |     6 ||     6
Evoke: Wand              |       |    13 |    18 ||    31
  Use: Potion            |     3 |     2 |       ||     5
       Scroll            |       |       |    16 ||    16
